 Dungeon Crawl Stone Soup version 0.31.0-11-ge490571c62 (webtiles) character file.

Game seed: 17771808146791261607

1208 EonDragon20 the Chiller (level 8, -4/57 HPs)
             Began as a Merfolk Ice Elementalist on Feb 8, 2024.
             Slain by Menkaure (13 damage)
             ... in an ossuary.
             The game lasted 00:15:09 (4415 turns).

EonDragon20 the Chiller (Merfolk Ice Elementalist)  Turns: 4415, Time: 00:15:09

Health: -4/57      AC:  3    Str: 12    XL:     8   Next: 45%
Magic:  11/17      EV: 13    Int: 19    God:
Gold:   158        SH:  0    Dex: 14    Spells: 6/19 levels left

rFire   . . .        e - staff of cold
rCold   + . .        (no shield)
rNeg    . . .        a - +1 robe
rPois   .            (no helmet)
rElec   .            (no cloak)
rCorr   .            (no gloves)
SInv    .            (no boots)
Will    .....        c - amulet "Xeoven" {Acrobat +Blink Str+3 Int+3}
Stlth   ++           (no ring)
HPRegen 0.29/turn    (no ring)
MPRegen 0.15/turn

%: acrobat
@: no status effects
A: (nimble swimmer 2), mertail
a: Evoke Blink


You were in an ossuary.
You visited 1 branch of the dungeon, and saw 5 of its levels.
You also visited: Ossuary.

You collected 158 gold pieces.

Inventory:

Hand Weapons
 o - a +2 spear of pain
Armour
 a - a +1 robe (worn)
Magical Staves
 e - a staff of cold (weapon)
Jewellery
 c - the amulet "Xeoven" (around neck) {Acrobat +Blink Str+3 Int+3}
   (You acquired it on level 1 of the Dungeon)

   [amulet of the acrobat]

   Acrobat:   It increases your evasion while moving and waiting.
   Str+3:     It affects your strength (+3).
   Int+3:     It affects your intelligence (+3).
   +Blink:    It lets you blink.
 i - a ring of ice
 m - an amulet of guardian spirit
 n - an amulet of magic regeneration
Scrolls
 g - a scroll of fog
Potions
 b - a potion of magic
 d - a potion of degeneration {unknown}
 f - a potion of haste
 h - 2 potions of curing


   Skills:
 * Level 2.4 Fighting
 * Level 4.2 Dodging
 - Level 2.1 Stealth
 * Level 6.1 Spellcasting
 - Level 4.3 Hexes
 * Level 1.8 Necromancy
 - Level 6.1 Ice Magic


You had 6 spell levels left.
You knew the following spells:

 Your Spells              Type           Power      Damage    Failure   Level
a - Freeze                Ice            100%       1d10      1%          1
b - Frozen Ramparts       Ice            86%        1d13      2%          3
c - Ozocubu's Armour      Ice            43%        N/A       2%          3
d - Ensorcelled Hibernat  Hex/Ice        76%        N/A       1%          2
e - Fugue of the Fallen   Necr           12%        N/A       16%         3
f - Sandblast             Erth           10%        2d5       11%         1

Your spell library contained the following spells:

 Spells                   Type           Power      Damage    Failure   Level
 Jinxbite                 Hex            44%        N/A       2%          2
 Summon Ice Beast         Ice/Summ       26%        N/A       10%         3
 Anguish                  Hex/Necr       8%         N/A       30%         4
 Passwall                 Erth           5%         N/A       32%         3
 Stone Arrow              Conj/Erth      10%        3d7       32%         3
 Brom's Barrelling Bould  Conj/Erth      5%         2d3       73%         4
 Yara's Violent Unravell  Hex/Alch       7%         3d5       77%         5
 Enfeeble                 Hex            11%        N/A       100%        7


Dungeon Overview and Level Annotations

Branches:
Dungeon (5/15)            Ossuary (1/1)
 Temple: D:4-7

Altars:

Shops:
D:4 ?

Annotations:
Ossuary Menkaure


Innate Abilities, Weirdness & Mutations

((You are very nimble when in or above water. (Stealth+, EV+, Speed+++)))
Your lower body shifts to a powerful aquatic tail in water.


Message History

Casting: Frozen Ramparts (dangerous; 2% risk of failure)
Confirm with . or Enter, or press ? or * to list all spells.
Aiming: Sandblast (safe; 11% risk of failure)
Press: ? - help, Shift-Dir - straight line, f - Menkaure
Aim: Menkaure (fast, 91% to hit)
The blast of sand hits Menkaure.
Menkaure is lightly damaged.
Menkaure resists.
The wall freezes Menkaure.
Casting: Sandblast (safe; 11% risk of failure)
Confirm with . or Enter, or press ? or * to list all spells.
Aiming: Sandblast (safe; 11% risk of failure)
Press: ? - help, Shift-Dir - straight line, f/p - Menkaure
Aim: Menkaure (moderately damaged, fast, 91% to hit)
The blast of sand hits Menkaure.
Menkaure is moderately damaged.
Menkaure resists.
The wall freezes Menkaure.
Menkaure misses you.
Menkaure resists.
The wall freezes Menkaure.
Menkaure points at you and mumbles some strange words.
Pain shoots through your body!
Casting: Sandblast (safe; 11% risk of failure)
Confirm with . or Enter, or press ? or * to list all spells.
Aiming: Sandblast (safe; 11% risk of failure)
Press: ? - help, Shift-Dir - straight line, f/p - Menkaure
Aim: Menkaure (severely damaged, fast, 91% to hit)
The blast of sand hits Menkaure.
Menkaure is severely damaged.
The frozen ramparts melt away.
Menkaure hits you!
Menkaure calls on the powers of darkness!
Your body is wracked with pain!
Casting: Sandblast (safe; 11% risk of failure)
Confirm with . or Enter, or press ? or * to list all spells.
Aiming: Sandblast (safe; 11% risk of failure)
Press: ? - help, Shift-Dir - straight line, f/p - Menkaure
Aim: Menkaure (severely damaged, fast, 91% to hit)
The blast of sand hits Menkaure.
Menkaure is almost destroyed.
Menkaure hits you!
* * * LOW HITPOINT WARNING * * *
Menkaure hits you!
You die...

##..##..## ##..####..##
##..######..##
##..##....##..##
##..##.^##..##^.##
##..##..####..##..##
##..##..######..##..##
##..##..##..M.##..##..##
##..##..##..##@.##..##..##
##.^##..##..####..##..##..##
##..##..##..##
##..##..##..## #..##..##..##
##..##..##..## ..##..##M.#
##..##..##..## .##..##..#
##..##..##..## ##..##..#
##..##..##..# #..##..#
##..##..##.. ..##..#
##..##..##.


You could see Menkaure (fast).

Vanquished Creatures
  Pikel (D:4)
  Sigmund (D:5)
  2 lemures (D:4)
  A centaur (D:5)
  A howler monkey (D:5)
  A hound (D:5)
  2 bombardier beetles (D:3)
  An orc priest (D:3)
  Terence (D:2)
  Jessica (D:3)
  An iguana (D:5)
  2 hound skeletons (D:5)
  3 mummies (Ossuary)
  4 gnolls
  A howler monkey skeleton (D:5)
  3 adders
  An adder zombie (D:5)
  2 adder skeletons (D:5)
  3 ribbon worms
  2 dart slugs
  12 orcs
  6 ball pythons
  10 endoplasms
  4 giant cockroaches
  3 gnoll zombies (Ossuary)
  7 hobgoblins
  A jackal (D:3)
  2 quokkas
  3 bats
  9 frilled lizards
  4 gnoll skeletons (Ossuary)
  7 goblins
  3 goblin skeletons (Ossuary)
  8 goblin zombies (Ossuary)
  4 hobgoblin skeletons (Ossuary)
  5 hobgoblin zombies (Ossuary)
  4 kobolds
  3 kobold skeletons (Ossuary)
  4 kobold zombies (Ossuary)
  3 orc skeletons (Ossuary)
  3 orc zombies (Ossuary)
  5 rats
  5 rat skeletons (Ossuary)
  A rat zombie (Ossuary)
150 creatures vanquished.

Notes
Turn   | Place    | Note
-------+----------+-------------------------------------------
     0 | D:1      | EonDragon20 the Merfolk Ice Elementalist began the quest
                  | for the Orb.
     0 | D:1      | Reached XP level 1. HP: 13/13 MP: 3/3
   174 | D:1      | Reached XP level 2. HP: 19/19 MP: 3/5
   327 | D:1      | Reached skill level 5 in Ice Magic
   553 | D:1      | Reached XP level 3. HP: 17/24 MP: 3/6
   586 | D:1      | Learned a level 3 spell: Frozen Ramparts
   922 | D:1      | Identified a scroll of acquirement
   922 | D:1      | Acquired the amulet "Xeoven" {Acrobat +Blink Str+3 Int+3}
  1276 | D:2      | Found a faded altar of an unknown god.
  1313 | D:2      | Noticed Terence
  1318 | D:2      | Killed Terence
  1319 | D:2      | Reached XP level 4. HP: 19/30 MP: 1/8
  1507 | D:2      | Learned a level 3 spell: Ozocubu's Armour
  1786 | D:3      | Reached XP level 5. HP: 30/35 MP: 5/9
  1968 | D:3      | Learned a level 2 spell: Ensorcelled Hibernation
  2072 | D:3      | Reached skill level 1 in Hexes
  2177 | D:3      | Noticed Jessica
  2215 | D:3      | Reached XP level 6. HP: 41/41 MP: 7/12
  2225 | D:3      | Killed Jessica
  2281 | D:3      | Learned a level 3 spell: Fugue of the Fallen
  2789 | D:4      | Noticed Pikel
  2799 | D:4      | Killed Pikel
  2800 | D:4      | Reached skill level 5 in Spellcasting
  2800 | D:4      | Reached XP level 7. HP: 30/46 MP: 6/15
  2965 | D:4      | Found Ugitrudecs's Magic Scroll Shoppe.
  2990 | D:4      | Found the sphere of Battle
  3237 | D:5      | Entered Level 5 of the Dungeon
  3393 | D:5      | Reached skill level 1 in Fighting
  3393 | D:5      | Reached XP level 8. HP: 50/54 MP: 12/16
  3396 | D:5      | Reached skill level 1 in Necromancy
  3496 | D:5      | Noticed Sigmund
  3504 | D:5      | Killed Sigmund
  3607 | D:5      | Found a sand-covered staircase.
  3627 | Ossuary  | Entered an ossuary
  4157 | Ossuary  | Noticed Menkaure
  4374 | Ossuary  | Learned a level 1 spell: Sandblast
  4415 | Ossuary  | Slain by Menkaure

Illustrated notes

Levels and vault maps discovered:
D:1:      mrwooster_arrival_statue_2, layout_basic
D:2:      layout_loops_cross, hellmonk_ecumenical_altar_arch_garden,
          uniq_terence
D:3:      layout_basic, serial_glass, glass_columns_b, glass_columns_a,
          minivault_11, minmay_three_crescents, uniq_jessica
D:4:      layout_rooms, serial_shops, nicolae_shop_tiny_glass, uniq_pikel
D:5:      layout_loops_ring, minmay_temple_entry_drinking_statues,
          mainiacjoe_ossuary_entry_find_the_door,
          nicolae_twisty_statue_hallways, uniq_sigmund
Ossuary:  ossuary_due_pyramid

Skill      XL: |  1  2  3  4  5  6  7  8 |
---------------+-------------------------+-----
Ice Magic      | 5 6 |  6.1
Spellcasting   | 3 4 5 6 |  6.1
Hexes          | 1 4 |  4.3
Dodging        | 3 4 |  4.2
Fighting       | 1 2 |  2.4
Necromancy     | 1 |  1.8
Stealth        | |  2.1

Action                     |  1- 3 |  4- 6 |  7- 9 || total
---------------------------+-------+-------+-------++-------
  Melee: Spear             |    45 |    13 |       ||    58
         Unarmed           |     1 |       |       ||     1
         Staff             |       |     9 |   175 ||   184
         Punch             |       |     1 |     4 ||     5
   Cast: Freeze            |    25 |    20 |    15 ||    60
         Frozen Ramparts   |     2 |    15 |    29 ||    46
         Ozocubu's Armour  |       |     2 |     1 ||     3
         Sandblast         |       |       |     4 ||     4
    Use: Scroll            |     2 |     6 |       ||     8
   Stab: Sleeping          |     7 |     1 |       ||     8
         Distracted        |       |       |     1 ||     1
 Armour: Robe              |    27 |    22 |    79 ||   128
  Dodge: Dodged            |    43 |    40 |   122 ||   205
